 Dungeon Sprint DCSS version 0.26-a0-660-gc07710193c (webtiles) character file.

Game seed: 12000144353142014955

42022 mhtbhm the Sorcerer (level 13, -16/66 (70) HPs)
             Began as a Deep Elf Fire Elementalist on Oct 7, 2020.
             Was the Champion of Vehumet.
             Demolished by a skeletal warrior
             ... wielding a +0 dire flail
              (26 damage)
             ... in the Dungeon (Sprint III: "The Ten Rune Challenge").
             The game lasted 00:21:56 (6286 turns).

mhtbhm the Sorcerer (Deep Elf Fire Elementalist)    Turns: 6286, Time: 00:21:57

HP:   -16/66 (70)   AC:  7    Str:  5    XL:     13   Next: 12%
MP:   32/43         EV: 18    Int: 31    God:    Vehumet [******]
Gold: 1030          SH:  0    Dex: 15    Spells: 14/60 levels left

rFire    + . .     SeeInvis .   t - staff of conjuration
rCold    . . .     Faith    .   (no shield)
rNeg     . . .     Spirit   .   a - +2 robe
rPois    +         Reflect  .   u - +1 hat {Int+3}
rElec    .         Harm     .   d - +0 cloak {rPois}
rCorr    .         Rampage  .   (no gloves)
MR       +....     Clarity  +   q - +0 pair of boots Stlth ++++......NoTele +
                                (no amulet)
HPRegen  0.21/turn              (no ring)
MPRegen  0.28/turn              (no ring)

@: lethally poisoned (-16 -> -29)
A: clarity, clever 1, fire resistance 1
}: 1/10 runes: barnacled
a: Renounce Religion


You were in the Dungeon.
You worshipped Vehumet.
Vehumet was exalted by your worship.
You visited 1 branch You collected 1157 gold pieces.
You spent 127 gold pieces at shops.

Inventory:

Missiles
 e - 6 curare-tipped darts (quivered)
Armour
 a - a +2 robe (worn)
 d - a +0 cloak of poison resistance (worn)
 q - a +0 pair of boots (worn)
 u - a +1 hat of intelligence (worn)
Magical Staves
 t - an uncursed staff of conjuration (weapon)
Scrolls
 b - a scroll of holy word {unknown}
 i - 2 scrolls of enchant weapon {unknown}
 j - 4 scrolls of remove curse {unknown}
 l - a scroll of immolation {unknown}
 m - 4 scrolls of identify {unknown}
 r - a scroll of magic mapping {unknown}
Potions
 c - a potion of curing
 f - a potion of magic
 g - 3 potions of berserk rage
 h - 3 potions of stabbing {unknown}
 k - a potion of flight
 n - 5 potions of mutation
 o - 3 potions of might
 s - 2 potions of cancellation {unknown}
 v - a potion of ambrosia {unknown}
 w - a potion of lignification {unknown}
Miscellaneous
 p - a phial of floods


   Skills:
 + Level 4.0 Fighting
   Level 3.6 Long Blades
 + Level 0.6 Throwing
 + Level 8.8 Dodging
 + Level 7.1 Stealth
 + Level 24.0 Spellcasting
 + Level 17.8 Conjurations
 + Level 18.1 Fire Magic
 + Level 10.9 Earth Magic
 + Level 4.9 Evocations


You had 14 spell levels left.
You knew the following spells:

 Your Spells              Type           Power        Failure   Level
a - Foxfire               Conj/Fire      ####         0%          1
b - Conjure Flame         Conj/Fire      ########     0%          3
c - Inner Flame           Hex/Fire       #######.     1%          3
d - Sticky Flame          Conj/Fire      ########     0%          4
e - Fireball              Conj/Fire      ########..   0%          5
f - Lee's Rapid Deconstr  Erth           #######...   1%          5
g - Lehudib's Crystal Sp  Conj/Erth      ########..   4%          8
h - Ignition              Fire           #######...   1%          8
i - Shatter               Erth           #######...   88%         9

Your spell library contained the following spells:

 Spells                   Type           Power        Failure   Level
 Chain Lightning          Conj/Air       #######...   32%         8
 Magic Dart               Conj           ####         0%          1
 Animate Skeleton         Necr           #####.       1%          1
 Apportation              Tloc           #####.       1%          1
 Corona                   Hex            #####..      1%          1
 Summon Small Mammal      Summ           ####         1%          1
 Blink                    Tloc           N/A          1%          2
 Call Imp                 Summ           #####...     1%          2
 Slow                     Hex            #####...     1%          2
 Mephitic Cloud           Conj/Pois/Air  #######.     1%          3


Dungeon Overview and Level Annotations

Branches:
Dungeon (1/1)

Altars:
Cheibriados
Dithmenos
Elyvilon
Fedhas
Gozag
Hepliaklqana
Kikubaaqudgha
Makhleb
Nemelex Xobeh
Okawaru
Qazlal
Ru
Sif Muna
Trog
Uskayaw
Vehumet
Wu Jian
Xom
Yredelemnul
Zin
The Shining One
Beogh
Jiyva
Lugonu

Shops:
D =!([


Innate Abilities, Weirdness & Mutations

You possess an exceptional clarity of mind.
Your mind is acute. (Int +2)
Your flesh is heat resistant. (rF+)


Message History

The fireball engulfs the skeletal warrior!!
The skeletal warrior is moderately damaged.
You feel sick.
Unknown command.
Casting: Ignition (dangerous; 1% risk of failure)
Confirm with . or Enter, or press ? or * to list all spells.
Aiming: Sticky Flame (safe; 0% risk of failure)
Press: ? - help, Shift-Dir - straight line, f - skeletal warrior
Aim: a skeletal warrior, wielding a +0 dire flail (moderately damaged)
You feel a surge of power!
The sticky flame hits the skeletal warrior.
The skeletal warrior is moderately damaged.
The skeletal warrior is covered in liquid flames!
You feel yourself speed up.
You feel very sick.
The skeletal warrior burns! x2
The skeletal warrior hits you with a +0 dire flail!
* * * LOW HITPOINT WARNING * * *
The skeletal warrior hits you with a +0 dire flail!!
You die...

≈(≈≈≈≈..#)[#...#.≈≈≈≈#
≈≈≈≈≈...#||#...#.#≈≈≈#
'≈≈≈≈○####+#####.#
≈§≈#
#≈≈......○☼#.....# §§§
#≈..+#######.☼°..# ≈≈
#...# #○☼§..# ##≈≈
....# #°.§..# ☼°# ≈
##### #'#####○°§###
#...)@z☼○☼§§#
#.########### #°# #.#
#.# #○# #.# #.#


You could see a skeletal warrior (burning).

Vanquished Creatures
  Rupert (D)
  Frances (D)
  A kraken (D)
  Gastronok (D)
  Donald (D)
  2 dire elephants (D)
  Erica (D)
  An alligator snapping turtle (D)
  A centaur warrior (D)
  4 death yaks (D)
  Urug (D)
  An unseen horror (D)
  A death drake (D)
  A lindwurm (D)
  An anaconda zombie (D)
  6 deep elf magi (D)
  An orc sorcerer (D)
  An elephant (D)
  2 black mambas (D)
  2 cane toads (D)
  A komodo dragon (D)
  A rime drake (D)
  3 wandering mushrooms (D)
  A queen bee (D)
  2 tyrant leeches (D)
  8 blink frogs (D)
  5 snapping turtles (D)
  A shadow (D)
  3 redbacks (D)
  A spatial vortex (D)
  4 orc warriors (D)
  A swamp drake (D)
  A fire dragon simulacrum (D)
  A necrophage (D)
  2 centaurs (D)
  An earth elemental (D)
  A water elemental (D)
  A scorpion (D)
  32 killer bees (D)
  A jelly (D)
  2 orc priests (D)
  An orc wizard (D)
  Jessica (D)
  A wizard (D)
  A necromancer (D)
  A polar bear simulacrum (D)
  2 wolf simulacra (D)
  3 humans (D)
  A kobold demonologist (D)
  An ooze (D)
  8 orcs (D)
  2 bats (D)
  2 rats (D)
  2 tentacles (D)
130 creatures vanquished.

Vanquished Creatures (others)
  3 deep elf blademasters (D)
  Nessos (D)
  A mummy priest (D)
  2 hydras (D)
  A shadow wraith (D)
  An elephant (D)
  3 yaktaurs (D)
  2 hornets (D)
  An orc high priest (D)
  An electric eel (D)
  3 orc priests (D)
  2 ball lightnings (D)
  3 ballistomycete spores (D)
  51 foxfires (D)
  2 fungi (D)
  54 plants (D)
  2 tentacles (D)
133 creatures vanquished.

Grand Total: 263 creatures vanquished

Notes
Turn   | Place    | Note
-------+----------+-------------------------------------------
     0 | D        | mhtbhm the Deep Elf Fire Elementalist began the quest for
                  | the Orb.
     0 | D        | Reached XP level 1. HP: 10/10 MP: 6/6
   113 | D        | Noticed Jessica
   118 | D        | Killed Jessica
   118 | D        | Reached skill level 4 in Spellcasting
   118 | D        | Reached XP level 2. HP: 15/15 MP: 5/9
   118 | D        | Reached XP level 3. HP: 19/19 MP: 6/11
   165 | D        | Learned a level 3 spell: Conjure Flame
   169 | D        | Learned a level 3 spell: Inner Flame
   259 | D        | Reached skill level 5 in Spellcasting
   510 | D        | Noticed a scorpion
   524 | D        | Killed a scorpion
   524 | D        | Reached skill level 6 in Spellcasting
   524 | D        | Reached XP level 4. HP: 13/24 MP: 4/14
   553 | D        | Learned a level 4 spell: Sticky Flame
   596 | D        | Gained mutation: Your flesh is heat resistant. (rF+)
                  | [potion of mutation]
   596 | D        | Gained mutation: You possess an exceptional clarity of
                  | mind. [potion of mutation]
   596 | D        | Gained mutation: Your mind is acute. (Int +2) [potion of
                  | mutation]
   792 | D        | Noticed a water elemental
   803 | D        | Killed a water elemental
   803 | D        | Reached skill level 7 in Spellcasting
   803 | D        | Reached XP level 5. HP: 28/28 MP: 10/16
   888 | D        | Learned a level 5 spell: Fireball
   889 | D        | Found a radiant altar of Vehumet.
   889 | D        | Found a shimmering blue altar of Sif Muna.
   889 | D        | Found an ancient bone altar of Kikubaaqudgha.
   893 | D        | Reached skill level 5 in Dodging
   903 | D        | Became a worshipper of Vehumet
  1031 | D        | Found a glowing silver altar of Zin.
  1031 | D        | Found a glowing golden altar of the Shining One.
  1031 | D        | Found a white marble altar of Elyvilon.
  1031 | D        | Noticed a deep elf mage
  1036 | D        | Killed a deep elf mage
  1036 | D        | Reached skill level 1 in Fighting
  1036 | D        | Reached skill level 5 in Stealth
  1036 | D        | Reached skill level 10 in Spellcasting
  1036 | D        | Reached XP level 6. HP: 19/34 MP: 2/21
  1036 | D        | Reached XP level 7. HP: 21/38 MP: 2/23
  1177 | D        | Found a basalt altar of Yredelemnul.
  1177 | D        | Found a shadowy altar of Dithmenos.
  1177 | D        | Found a sacrificial altar of Ru.
  1181 | D        | Reached * piety under Vehumet
  1181 | D        | Offered knowledge of Shock by Vehumet.
  1181 | D        | Reached skill level 11 in Spellcasting
  1286 | D        | Found a hide-covered altar of Uskayaw.
  1286 | D        | Found a roughly hewn altar of Beogh.
  1286 | D        | Found an iron altar of Okawaru.
  1286 | D        | Found a bloodstained altar of Trog.
  1286 | D        | Found an ornate altar of the Wu Jian Council.
  1286 | D        | Noticed a human
  1286 | D        | Noticed a human
  1288 | D        | Killed a human
  1288 | D        | Killed a human
  1354 | D        | Reached ** piety under Vehumet
  1354 | D        | Offered knowledge of Freeze by Vehumet.
  1354 | D        | Reached XP level 8. HP: 43/43 MP: 19/25
  1359 | D        | Reached skill level 12 in Spellcasting
  1464 | D        | Found a blossoming altar of Fedhas.
  1464 | D        | Found a stormy altar of Qazlal.
  1464 | D        | Found a snail-covered altar of Cheibriados.
  1464 | D        | Found a burning altar of Makhleb.
  1464 | D        | Found a shimmering altar of Xom.
  1466 | D        | Found a hazy altar of Hepliaklqana.
  1466 | D        | Found an opulent altar of Gozag.
  1466 | D        | Found a sparkling altar of Nemelex Xobeh.
  1466 | D        | Found a corrupted altar of Lugonu.
  1466 | D        | Found a viscous altar of Jiyva.
  1602 | D        | Noticed Erica
  1609 | D        | Killed Erica
  1609 | D        | Offered knowledge of Static Discharge by Vehumet.
  1609 | D        | Reached skill level 13 in Spellcasting
  1609 | D        | Reached skill level 10 in Conjurations
  1747 | D        | Reached *** piety under Vehumet
  1747 | D        | Reached XP level 9. HP: 48/48 MP: 28/28
  1800 | D        | Offered knowledge of Iskenderun's Mystic Blast by Vehumet.
  1800 | D        | Reached skill level 14 in Spellcasting
  1802 | D        | Noticed a centaur warrior
  1804 | D        | Killed a centaur warrior
  1804 | D        | Reached skill level 1 in Evocations
  1915 | D        | Noticed an unseen horror
  1916 | D        | Killed an unseen horror
  1916 | D        | Reached **** piety under Vehumet
  1916 | D        | Reached skill level 15 in Spellcasting
  1973 | D        | Noticed a wandering mushroom
  1978 | D        | Noticed a wandering mushroom
  1981 | D        | Killed a wandering mushroom
  1981 | D        | Offered knowledge of Dazzling Flash by Vehumet.
  1984 | D        | Noticed a wandering mushroom
  1986 | D        | Killed a wandering mushroom
  1987 | D        | Killed a wandering mushroom
  1987 | D        | Reached XP level 10. HP: 53/53 MP: 15/31
  2110 | D        | Reached ***** piety under Vehumet
  2110 | D        | Reached skill level 16 in Spellcasting
  2110 | D        | Offered knowledge of Bolt of Magma by Vehumet.
  2122 | D        | HP: 2/53 [poisoned by a killer bee]
  2123 | D        | Reached skill level 15 in Fire Magic
  2145 | D        | Killed a seven-headed hydra
  2193 | D        | Killed a six-headed hydra
  2261 | D        | Reached ****** piety under Vehumet
  2364 | D        | Offered knowledge of Lee's Rapid Deconstruction by Vehumet.
  2371 | D        | Learned a level 5 spell: Lee's Rapid Deconstruction
  2587 | D        | Found Coazxot's Antique Armour Shoppe.
  2587 | D        | Noticed an orc sorcerer
  2589 | D        | Reached skill level 1 in Long Blades
  2589 | D        | Offered knowledge of Iskenderun's Battlesphere by Vehumet.
  2592 | D        | Killed an orc sorcerer
  2592 | D        | Reached skill level 17 in Spellcasting
  2594 | D        | Reached skill level 1 in Earth Magic
  2677 | D        | Bought a glowing cloak for 127 gold pieces
  2795 | D        | Noticed a deep elf mage
  2795 | D        | Noticed a deep elf mage
  2795 | D        | Noticed a deep elf mage
  2795 | D        | Noticed a deep elf mage
  2795 | D        | Noticed a deep elf mage
  2805 | D        | Killed a deep elf mage
  2805 | D        | Offered knowledge of Spellforged Servitor by Vehumet.
  2806 | D        | Killed a deep elf mage
  2811 | D        | Killed a deep elf mage
  2811 | D        | Reached skill level 18 in Spellcasting
  2811 | D        | Reached XP level 11. HP: 52/60 MP: 6/35
  2812 | D        | Killed a deep elf mage
  2812 | D        | Killed a deep elf mage
  2933 | D        | Noticed a deep elf death mage
  3013 | D        | Noticed Donald
  3014 | D        | Noticed Frances
  3017 | D        | Killed Donald
  3017 | D        | Reached skill level 19 in Spellcasting
  3017 | D        | Reached skill level 5 in Earth Magic
  3018 | D        | Noticed a soul eater
  3020 | D        | Killed Frances
  3242 | D        | Reached skill level 20 in Spellcasting
  3242 | D        | Reached skill level 15 in Conjurations
  3396 | D        | Offered knowledge of Freezing Cloud by Vehumet.
  3900 | D        | Noticed a death drake
  3903 | D        | Killed a death drake
  4231 | D        | Noticed Urug
  4236 | D        | Killed Urug
  4238 | D        | Offered knowledge of Yara's Violent Unravelling by Vehumet.
  4290 | D        | Noticed a lindwurm
  4295 | D        | Killed a lindwurm
  4505 | D        | Reached skill level 21 in Spellcasting
  4505 | D        | Reached XP level 12. HP: 34/62 MP: 21/39
  4673 | D        | Offered knowledge of Lehudib's Crystal Spear by Vehumet.
  4773 | D        | Learned a level 8 spell: Lehudib's Crystal Spear
  4774 | D        | Noticed Rupert
  4776 | D        | Killed Rupert
  4836 | D        | Noticed a dire elephant
  4836 | D        | Noticed a dire elephant
  4836 | D        | Noticed Gastronok
  4872 | D        | Killed a dire elephant
  4872 | D        | Reached skill level 22 in Spellcasting
  5180 | D        | Killed a dire elephant
  5288 | D        | Killed Nessos
  5394 | D        | Killed Gastronok
  5394 | D        | Offered knowledge of Shatter by Vehumet.
  5394 | D        | Offered knowledge of Chain Lightning by Vehumet.
  5394 | D        | Offered knowledge of Ignition by Vehumet.
  5516 | D        | Noticed an azure jelly
  5516 | D        | Noticed an azure jelly
  5516 | D        | Noticed an azure jelly
  5517 | D        | Noticed an azure jelly
  5531 | D        | Noticed a death yak
  5533 | D        | Noticed a death yak
  5534 | D        | Noticed a death yak
  5537 | D        | Killed a death yak
  5539 | D        | Killed a death yak
  5539 | D        | Noticed a death yak
  5541 | D        | Killed a death yak
  5541 | D        | Reached skill level 23 in Spellcasting
  5629 | D        | Reached skill level 10 in Earth Magic
  5630 | D        | Killed a death yak
  5632 | D        | Killed a mummy priest
  5649 | D        | Noticed a kraken
  5653 | D        | Killed a kraken
  5653 | D        | Reached XP level 13. HP: 68/68 MP: 20/42
  5707 | D        | Killed a deep elf blademaster
  5838 | D        | Killed a deep elf blademaster
  5877 | D        | Learned a level 8 spell: Ignition
  5887 | D        | Learned a level 9 spell: Shatter
  5976 | D        | Killed a deep elf blademaster
  5985 | D        | Found Plog's Antique Weapon Shop.
  5985 | D        | Found Deehueh's Distillery.
  5985 | D        | Found Yvef's Jewellery Shoppe.
  5993 | D        | Got a barnacled rune of Zot
  6241 | D        | Reached skill level 24 in Spellcasting
  6286 | D        | Demolished by a skeletal warrior

Illustrated notes

Levels and vault maps discovered:
D:        dungeon_sprint_mu [sprint_mu_entry_forest, sprint_mu_temple_rooms,
          sprint_mu_d1_horrors, sprint_mu_d2_genie, sprint_mu_d3_branching,
          sprint_mu_orc_legion, sprint_mu_elf_gauntlet, sprint_mu_hive_nellie,
          sprint_mu_lair_fedhas, sprint_mu_vaults_butterflies,
          sprint_mu_slime_circle, sprint_mu_swamp_cave, sprint_mu_shoals_kraken,
          sprint_mu_blade_basic, sprint_mu_crypt_chambers,
          sprint_mu_tomb_spiral, sprint_mu_vestibule_basic,
          sprint_mu_gehenna_hellfire, sprint_mu_dis_giant,
          sprint_mu_tartarus_statrot, sprint_mu_cocytus_islands, sprint_mu_zot1]

Skill      XL: |  1  2  3  4  5  6  7  8  9 10 11 12 13 |
---------------+----------------------------------------+-----
Fire Magic     | 6 7 8 11 13 14 15 16 18 | 18.1
Dodging        | 3 4 6 7 8 |  8.8
Stealth        | 3 4 5 6 7 |  7.1
Spellcasting   | 4 6 7 10 11 13 15 18 21 23 24 | 24.0
Conjurations   | 3 7 8 10 12 14 15 17 | 17.8
Fighting       | 1 2 3 4 |  4.0
Evocations     | 2 4 |  4.9
Long Blades    | 2 3 |  3.6
Earth Magic    | 3 7 10 | 10.9
Throwing       | |  0.6

Action                   |  1- 3 |  4- 6 |  7- 9 | 10-12 | 13-15 || total
-------------------------+-------+-------+-------+-------+-------++-------
Melee: Unarmed           |     4 |       |       |       |       ||     4
       Scimitar          |       |       |     1 |     5 |       ||     6
Throw: Dart              |       |       |       |     1 |       ||     1
 Cast: Foxfire           |    27 |     5 |     1 |       |       ||    33
       Conjure Flame     |     1 |       |       |       |       ||     1
       Fireball          |       |     2 |    21 |    69 |    15 ||   107
       Sticky Flame      |       |     2 |     7 |    37 |     2 ||    48
       Lee's Rapid Decon |       |       |       |    17 |       ||    17
       Lehudib's Crystal |       |       |       |     2 |       ||     2
       Ignition          |       |       |       |       |     1 ||     1
Evoke: Wand              |       |       |     5 |     5 |       ||    10
       Phial of floods   |       |       |       |     2 |       ||     2
  Use: Potion            |       |     2 |       |     5 |       ||     7
       Scroll            |       |       |       |     1 |       ||     1
Armor: Robe              |       |       |       |     5 |     1 ||     6
Dodge: Dodged            |    17 |     5 |     3 |    52 |     1 ||    78
       Rpst.: Scimitar   |       |       |       |    12 |       ||    12

Table legend: (Time is in decaauts)
 A = Elapsed time spent in this place.
 B = Non-inter-level travel time spent in this place.
 C = Inter-level travel time spent in this place.
 D = Time resting spent in this place.
 E = Time spent auto-exploring this place.
 F = Levels seen in this place.
 G = Mean time per level.
                   A        B        C        D        E       F      G
               +--------+--------+--------+--------+--------+-----+--------+
         Total |   6343 |   6343 |      0 |   4790 |      0 |   1 | 6343.0 |
       Dungeon |   6343 |   6343 |      0 |   4790 |      0 |   1 | 6343.0 |
               +--------+--------+--------+--------+--------+-----+--------+

Top non-repeatable levels by time:
       D: 6343 daAuts
